AoeStats
← Cohcau

Nomad

509189855Analyzed
2v2 RM · 5d ago on Sep 25, 2026· 47m 29s· 4 players
Game mode
Random Map
Map size
176×176
Population
200
Speed
Normal
Resources
Standard
Victory
Conquest
Starting age
Dark Age
Ending age
Imperial Age
RankedLock teamsTeams togetherTeam positionsShared explorationLock speedFull tech treeHidden civsTurbo modeCheats
Victory
Defeat
🇦🇷 Ethiopians · Argentina
834
+17
🇬🇧 Huns · United Kingdom
809
+18
🇫🇷 Burgundians · France
894
-20
🇫🇷 Slavs · France
804
-15
Trevor_98
18:36 Feudal Age
21:28 Double-Bit Axe
27:28 Castle Age
27:01 Padded Archer Armor
26:51 Fletching
28:25 Thumb Ring
28:58 Gold Mining
31:03 Crossbowman
31:40 Bodkin Arrow
32:01 Leather Archer Armor
34:13 Leather Archer Armor
36:18 Squires
36:04 Arson
36:23 Husbandry
36:33 Royal Heirs
36:22 Town Watch
41:49 Imperial Age
39:31 Scale Mail Armor
39:42 Forging
42:46 Gold Shaft Mining
42:56 Iron Casting
42:39 Chain Mail Armor
43:07 Wheelbarrow
44:02 Elite Shotel Warrior
45:09 Conscription
wilderbeest1
6:26 Loom
17:45 Feudal Age
22:59 Castle Age
21:54 Double-Bit Axe
25:24 Crossbowman
28:47 Medium Warships
35:36 Imperial Age
33:53 Horse Collar
34:26 Bow Saw
34:18 Gold Mining
34:19 Stone Mining
36:38 Gold Shaft Mining
35:49 Fishing Lines
37:02 Conscription
36:55 Fletching
38:25 Gillnets
40:13 Chemistry
40:25 Ballistics
40:24 Murder Holes
40:53 Ballistics
40:50 Cavalier
41:40 Bloodlines
41:31 Husbandry
41:22 Pikeman
43:06 Forging
44:26 Masonry
44:29 Clinker Construction
44:30 Careening
45:11 Bodkin Arrow
45:53 Iron Casting
46:19 Wheelbarrow
45:29 Town Watch
46:59 Parthian Tactics
47:18 Bracer
48:19 Blast Furnace
Cohcau
4:56 Loom
15:41 Feudal Age
14:57 Fishing Lines
17:09 Gillnets
17:16 Horse Collar
17:24 Double-Bit Axe
22:21 Heavy Plow
23:24 Gold Mining
23:25 Stone Mining
26:10 Castle Age
26:54 Bow Saw
27:38 Elite Skirmisher
28:02 Cavalier
35:49 Gold Shaft Mining
37:19 Caravan
39:01 Scale Barding Armor
39:00 Padded Archer Armor
39:04 Scale Mail Armor
46:04 Imperial Age
Nikoleador
4:41 Loom
15:42 Feudal Age
16:12 Man-at-Arms
18:35 Double-Bit Axe
18:33 Horse Collar
21:40 Wheelbarrow
21:51 Gold Mining
27:49 Castle Age
26:47 Forging
26:37 Scale Mail Armor
26:46 Scale Barding Armor
27:57 Town Watch
30:39 Bow Saw
32:17 Pikeman
36:20 Chain Barding Armor
37:01 Heavy Plow
38:02 Town Patrol
38:18 Hand Cart
40:01 Detinets
45:21 Imperial Age
42:58 Long Swordsman
45:38 Elite Boyar
47:11 Iron Casting
47:12 Plate Barding Armor
48:01 Chain Mail Armor
Connection lost

Rejoining the realm…

Still unreachable

The connection could not be restored.

Session expired

The server has moved on; the page needs a fresh start.